 Dungeon Crawl Stone Soup version 0.31-a0-200-gbc41564c69 (webtiles) character file.

Game seed: 13619993282555776931

320 qw the Skirmisher (level 6, -1/36 HPs)
             Began as a Deep Elf Hunter on June 25, 2023.
             Slain by Pikel
             ... wielding a +2 whip of freezing
              (8 damage)
             ... on level 4 of the Dungeon.
             The game lasted 00:01:14 (2644 turns).

qw the Skirmisher (Deep Elf Hunter)                 Turns: 2644, Time: 00:01:14

Health: -1/36      AC:  6    Str: 10    XL:     6   Next: 22%
Magic:  8/8        EV: 11    Int: 14    God:
Gold:   268        SH:  5    Dex: 18    Spells: 5/5 levels left

rFire   . . .        Y - +0 shortbow (chaos)
rCold   + . .        (shield currently unavailable)
rNeg    . . .        b - +0 ring mail
rPois   .            i - +0 helmet
rElec   .            (no cloak)
rCorr   .            (no gloves)
SInv    .            (no boots)
Will    .....        g - amulet of reflection
Stlth   +            a - ring of protection from cold
HPRegen 0.26/turn    (no ring)
MPRegen 0.11/turn

%: reflection
@: about to teleport
A: no striking features
a: no special abilities


You were on level 4 of the Dungeon.
You visited 1 branch of the dungeon, and saw 4 of its levels.

You collected 268 gold pieces.


   Skills:
 - Level 2.3 Fighting
 + Level 9.4 Ranged Weapons
 - Level 2.5 Dodging
 - Level 1.2 Stealth


You had 5 spell levels left.
You didn't know any spells.
Your spell library was empty.

Inventory:

Hand Weapons
 Y - a +0 shortbow of chaos (weapon)
Armour
 b - a +0 ring mail (worn)
 c - a +0 cloak
 i - a +0 helmet (worn)
Jewellery
 a - a ring of protection from cold (left hand)
 g - an amulet of reflection (around neck)
Scrolls
 h - a scroll of teleportation
 n - a scroll of identify
Potions
 d - a potion of invisibility {unknown}
 e - 2 potions of curing {unknown}
 f - a potion of haste {unknown}
 j - a potion of degeneration {unknown}
 l - a potion of might
 m - a potion of heal wounds {unknown}

Dungeon Overview and Level Annotations

Branches:
Dungeon (4/15)
 Temple: D:4-7

Altars:
Ashenzari
Wu Jian

Annotations:
D:4 exclusion: 2 gnolls, Menkaure, Pikel


Message History

Enter note:
Enter note: You shoot an arrow.
The arrow closely misses Pikel.
The arrow hits the lemure.
The lemure is lightly wounded.
You shoot an arrow. The arrow closely misses the lemure.
A lemure comes into view.
You shoot an arrow. The arrow hits the lemure.
The lemure is lightly wounded.
You shoot an arrow.
The arrow hits the lemure but does no damage.
The lemure is lightly wounded.
The lemure hits you.
You shoot an arrow. The arrow closely misses the lemure.
The lemure hits you.
You shoot an arrow. The arrow hits Pikel.
The arrow freezes Pikel.
Pikel is lightly wounded.
Pikel hits you with a +2 whip of freezing.
Pikel freezes you.
A lemure comes into view.
You shoot an arrow. The arrow misses Pikel.
Pikel hits you with a +2 whip of freezing!
Pikel freezes you.
You shoot an arrow.
The arrow hits Pikel but does no damage.
Pikel is lightly wounded.
Pikel says, "Time is money, and you're costing me too much!"
Pikel barely misses you.
You shoot an arrow.
The arrow hits Pikel but does no damage.
Space warps horribly around Pikel!!
Pikel is severely wounded.
Pikel hits you with a +2 whip of freezing.
Pikel freezes you.
2643 ||| READING 2 scrolls of teleportation.
As you read the scroll of teleportation, it crumbles to dust.
You feel strangely unstable.
Pikel hits you with a +2 whip of freezing.
You shoot an arrow. The arrow completely misses Pikel.
Pikel hits you with a +2 whip of freezing!
You die...

...#######8...8#
#..#..#.##
##...##
##...#.## ##8##
##.###### ##
#....... #.#
#### ########
##.# #.. # #
#... ... .# #
#..# #.#
######.# #
###..# #.#
#...@K# #
..#..###.##
#.####5# #
#.#..##...###.#
5. #
#.#.....>.....#
... #
#.#.###...#####
### # #.#.#
##...... # #.#.#
####### # ..#.#
.##.#


You could see Pikel and 2 lemures.

Vanquished Creatures
  A scorpion (D:4)
  3 orc priests (D:3)
  An orc wizard (D:3)
  An adder (D:3)
  2 gnolls (D:4)
  4 dart slugs
  15 orcs
  9 ball pythons
  11 bats
  6 endoplasms
  4 giant cockroaches
  9 goblins
  10 hobgoblins
  4 jackals (D:2)
  3 quokkas
  A frilled lizard (D:1)
  6 kobolds
  4 rats
94 creatures vanquished.

Vanquished Creatures (others)
  An orc zombie (D:3)
1 creature vanquished.

Grand Total: 95 creatures vanquished

Notes
Turn   | Place    | Note
-------+----------+-------------------------------------------
     0 | D:1      | qw the Deep Elf Hunter began the quest for the Orb.
     0 | D:1      | Reached XP level 1. HP: 12/12 MP: 3/3
     0 | D:1      | 0 ||| qw: Version: 0.3-a-22-g0ed2b0b
     0 | D:1      | 0 ||| qw: Game counter: 5627
     0 | D:1      | 0 ||| qw: Melee chars always use a shield: true
     0 | D:1      | 0 ||| qw: God list: Okawaru
     0 | D:1      | 0 ||| qw: Allow faded altars: false
     0 | D:1      | 0 ||| qw: Do Orc after clearing Dungeon:15 true
     0 | D:1      | 0 ||| qw: Do second Lair branch before Depths: true
     0 | D:1      | 0 ||| qw: Lair rune preference: random
     0 | D:1      | 0 ||| qw: Goals: Normal
     0 | D:1      | 0 ||| PLANNING D:1-11
   187 | D:1      | Reached skill level 6 in Ranged Weapons
   187 | D:1      | Reached XP level 2. HP: 16/16 MP: 4/4
   440 | D:1      | Found a faded altar of an unknown god.
   654 | D:1      | 654 ||| UPGRADING to amulet of reflection.
   659 | D:1      | 659 ||| READING scroll labelled YGASSO AMONTIS.
   660 | D:1      | 660 ||| READING scroll labelled XOEFEMUYDI.
   661 | D:1      | 661 ||| READING scroll labelled UTZONA JUIT.
   662 | D:1      | 662 ||| DROPPING scroll of butterflies.
   749 | D:2      | Reached XP level 3. HP: 17/20 MP: 5/5
   774 | D:2      | 774 ||| FLEEEEING.
   902 | D:2      | Reached skill level 7 in Ranged Weapons
  1078 | D:2      | 1078 ||| UPGRADING to ring of protection from cold.
  1079 | D:2      | 1079 ||| DROPPING ring of wizardry.
  1080 | D:2      | 1080 ||| READING scroll labelled HUACRAACSE.
  1081 | D:2      | 1081 ||| READING scroll labelled XILUCW HIKI.
  1143 | D:3      | Reached XP level 4. HP: 10/25 MP: 6/6
  1383 | D:3      | Reached skill level 8 in Ranged Weapons
  1533 | D:3      | Found a broken altar of Ashenzari.
  1575 | D:3      | Reached XP level 5. HP: 29/29 MP: 7/7
  1613 | D:3      | Reached skill level 9 in Ranged Weapons
  1995 | D:3      | 1995 ||| UPGRADING to +0 ring mail.
  2005 | D:3      | 2005 ||| DROPPING +0 leather armour.
  2006 | D:3      | 2006 ||| UPGRADING to +0 helmet.
  2011 | D:3      | 2011 ||| READING 3 scrolls labelled XYURARPHUTH.
  2016 | D:3      | 2016 ||| READING scroll labelled YLUPEI INIURE.
  2017 | D:3      | 2017 ||| READING scroll labelled MIV OROWKAQUGG.
  2018 | D:3      | 2018 ||| DRINKING 2 puce potions.
  2020 | D:3      | 2020 ||| Stepping ~*~*~tactically~*~*~ (cloud).
  2163 | D:4      | Reached XP level 6. HP: 32/36 MP: 8/8
  2179 | D:4      | Noticed Menkaure
  2181 | D:4      | 2181 ||| FLEEEEING.
  2185 | D:4      | 2185 ||| FLEEEEING.
  2186 | D:4      | 2186 ||| FLEEEEING.
  2187 | D:4      | 2187 ||| FLEEEEING.
  2188 | D:4      | 2188 ||| FLEEEEING.
  2189 | D:4      | 2189 ||| FLEEEEING.
  2191 | D:4      | 2191 ||| STAIRDANCE
  2351 | D:4      | 2351 ||| Stepping ~*~*~tactically~*~*~ (outnumbered).
  2352 | D:4      | 2352 ||| Stepping ~*~*~tactically~*~*~ (outnumbered).
  2354 | D:4      | 2354 ||| DROPPING ring of flight.
  2362 | D:4      | 2362 ||| FLEEEEING.
  2363 | D:4      | 2363 ||| FLEEEEING.
  2364 | D:4      | 2364 ||| FLEEEEING.
  2480 | D:4      | Found an ornate altar of the Wu Jian Council.
  2633 | D:4      | Noticed Pikel
  2642 | D:4      | HP: 8/36 [Pikel/+2 whip of freezing (4)]
  2643 | D:4      | 2643 ||| READING 2 scrolls of teleportation.
  2644 | D:4      | Slain by Pikel

Levels and vault maps discovered:
D:1:      minmay_arrival_hallway, layout_basic,
          shapermc_ecumenical_altar_notcrosses
D:2:      layout_rooms, minmay_heptomino_w4
D:3:      layout_basic, mainiacjoe_overflow_small_starburst, minmay_pentangle
D:4:      layout_loops_ring, nzn_wu_jian_council_hall, uniq_pikel, uniq_natasha,
          uniq_menkaure

Skill      XL: |  1  2  3  4  5 |
---------------+----------------+-----
Ranged Weapons | 6 7 8 9 |  9.4
Fighting       | 2 |  2.3
Dodging        | |  2.5
Stealth        | |  1.2

Action                     |  1- 3 |  4- 6 || total
---------------------------+-------+-------++-------
   Fire: Shortbow          |   105 |   131 ||   236
    Use: Scroll            |     5 |     4 ||     9
         Potion            |       |     1 ||     1
 Armour: Leather armour    |    16 |     9 ||    25
         Ring mail         |       |     5 ||     5
  Dodge: Dodged            |    26 |    28 ||    54
  Block: Other             |    13 |     6 ||    19
         Reflection        |       |     1 ||     1

Table legend:
 A = Non-vault XP
 B = Vault XP
 C = Vault XP percentage of total XP
 D = Non-vault monster count
 E = Vault monster count
 F = Vault count percentage of total count
                 A         B        C        D         E       F
            +---------+---------+-------+---------+---------+-------
      Total |     423 |      35 |   7.6 |      80 |      14 |  14.9
            +---------+---------+-------+---------+---------+-------
        D:1 |      21 |       0 |   0.0 |      13 |       0 |   0.0
        D:2 |      42 |      13 |  23.6 |      21 |       9 |  30.0
        D:3 |     212 |      22 |   9.4 |      26 |       5 |  16.1
        D:4 |     148 |       0 |   0.0 |      20 |       0 |   0.0
            +---------+---------+-------+---------+---------+-------
